 Dungeon Crawl Stone Soup version 0.30.1-4-g462c640d31 (webtiles) character file.

Game seed: 16955146564066591915

24 Gorgoleon the Chopper (level 3, -1/31 HPs)
             Began as a Hill Orc Fighter on Aug 20, 2023.
             Slain by Sigmund
             ... wielding a +0 scythe
              (6 damage)
             ... on level 2 of the Dungeon.
             The game lasted 00:01:57 (701 turns).

Gorgoleon the Chopper (Hill Orc Fighter)             Turns: 701, Time: 00:01:57

Health: -1/31      AC:  6    Str: 20    XL:     3   Next: 2%
Magic:  3/3        EV:  9    Int:  8    God:
Gold:   39         SH:  4    Dex: 10    Spells: 2/2 levels left

rFire   . . .        a - +0 war axe
rCold   . . .        c - +0 buckler
rNeg    . . .        b - +0 scale mail
rPois   .            (no helmet)
rElec   .            (no cloak)
rCorr   .            (no gloves)
SInv    .            (no boots)
Will    .....        (no amulet) Stlth
                     (no ring)
HPRegen 0.25/turn    (no ring)
MPRegen 0.08/turn

%: no passive effects
@: mighty
A: no striking features
a: no special abilities


You were on level 2 of the Dungeon.
You visited 1 branch of the dungeon, and saw 2 of its levels.

You collected 39 gold pieces.

Inventory:

Hand Weapons
 a - a +0 war axe (weapon)
Missiles
 e - 20 stones (quivered)
 h - 6 boomerangs
Armour
 b - a +0 scale mail (worn)
 c - a +0 buckler (worn)
Scrolls
 f - a scroll of identify {unknown}
Potions
 g - a potion of experience {unknown}
 i - 2 potions of berserk rage {unknown}


   Skills:
 - Level 3.6 Fighting
 + Level 4.5 Axes
 - Level 3.2 Armour
 - Level 3.2 Shields


You had 2 spell levels left.
You didn't know any spells.
Your spell library was empty.

Dungeon Overview and Level Annotations

Branches:
Dungeon (2/15)

Altars:

Annotations:
D:2 Sigmund


Message History

Your experience leads to an increase in your attributes!
Increase (S)trength, (I)ntelligence, or (D)exterity?
You feel stronger. x2
You barely miss the bat. The bat closely misses you.
The bat hits you but does no damage. x2
You hit the bat.
You kill the bat!
No target in view!
You see here a hobgoblin corpse.
A kobold comes into view. It is wielding a +1 whip of pain.
The kobold shouts!
You hear a shout!
You see here 2 cyan potions.
i - 2 cyan potions The kobold throws a stone.
The stone closely misses you.
Sigmund the Dreaded comes into view.
He is wielding a +0 scythe.
A rat comes into view.
Sigmund mumbles some strange words.
Sigmund flickers and vanishes!
Deactivating autopickup; reactivate with Ctrl-A.
Something hits you but does no damage.
Okay, then.
The kobold throws a stone.
The stone hits you but does no damage.
You feel very mighty all of a sudden.
You hear some strange, mumbled words.
You are confused.
You hear some strange, mumbled words.
A puff of flame appears from out of thin air!
The puff of flame hits you!
The kobold throws a stone.
The stone misses you. Something hits you.
The kobold throws a stone.
The stone barely misses you. Something hits you.
You bump into the rock wall.
The kobold throws a stone.
The stone hits you.
You miss something. Something hits you.
* * * LOW HITPOINT WARNING * * *
You bump into the rock wall.
You feel less confused. You block the kobold's attack.
You hear some strange, mumbled words.
Something tries to affect you, but you resist.
You closely miss something. You completely miss the kobold. Something hits you.
You die...

.......<####.##
####.#### #.# #.# #..
#.# #.# ##.#######.##
#...##......
###.#.##.# #r#
#.†.#....###{#####.##
#<#####.....@K.......
#...#...####.....!...
###.#.### #########.
... #####


You could see a kobold and a rat.

Vanquished Creatures
  A worm (D:1)
  3 endoplasms (D:1)
  A giant cockroach (D:1)
  A goblin (D:1)
  3 hobgoblins
  3 kobolds (D:1)
  A quokka (D:1)
  A ball python (D:1)
  2 bats (D:2)
  2 frilled lizards (D:1)
18 creatures vanquished.

Notes
Turn   | Place    | Note
-------+----------+-------------------------------------------
     0 | D:1      | Gorgoleon the Hill Orc Fighter began the quest for the Orb.
     0 | D:1      | Reached XP level 1. HP: 19/19 MP: 1/1
    24 | D:1      | Reached skill level 3 in Axes
   167 | D:1      | Reached XP level 2. HP: 25/26 MP: 2/2
   267 | D:1      | Reached skill level 4 in Axes
   671 | D:2      | Reached XP level 3. HP: 30/31 MP: 3/3
   689 | D:2      | Noticed Sigmund
   701 | D:2      | Slain by Sigmund

Illustrated notes

Levels and vault maps discovered:
D:1:      giann_horns, layout_rooms, nicolae_wormholes
D:2:      minmay_diamond_boxcup, layout_loops_ring, basic_ecumenical_altar,
          uniq_sigmund

Skill      XL: |  1  2 |
---------------+-------+-----
Axes           | 3 4 |  4.5
Fighting       | |  3.6
Armour         | |  3.2
Shields        | |  3.2

Action                     || total
---------------------------++-------
  Melee: War axe           ||    58
    Use: Potion            ||     1
 Armour: Scale mail        ||    24
  Dodge: Dodged            ||    32
  Block: Buckler           ||    15
